 Dungeon Crawl Stone Soup version 0.20-b1-24-gb21faa7 (webtiles) character file.

142830 MTVSty1e the Warrior (level 16, -69/177 HPs)
             Began as a Minotaur Fighter on May 25, 2017.
             Was the Champion of Okawaru.
             Killed by Shatter
             ... invoked by Jorgrun
              (81 damage)
             ... on level 4 of the Spider Nest.
             The game lasted 01:18:12 (31063 turns).

MTVSty1e the Warrior (Minotaur Fighter)            Turns: 31063, Time: 01:18:12

Health: -69/177    AC: 29    Str: 33    XL:     16   Next: 81%
Magic:  20/22      EV:  2    Int:  5    God:    Okawaru [******]
Gold:   1045       SH:  0    Dex: 11    Spells: 15/15 levels left

rFire    . . .     SeeInvis +   a - +5 broad axe (flame)
rCold    + . .     Gourm    +   Y - +1 shield {rC+}
rNeg     + + +     Faith    .   O - +1 plate armour {rPois}
rPois    ∞         Spirit   .   (helmet restricted)
rElec    .         Reflect  .   c - scarf {cloud immunity}
rCorr    .         Harm     .   p - +1 pair of gloves of Twilight {rPois Regen+ Str+4}
MR       ++...     Clarity  +   Z - +2 pair of boots
Stlth    ..........             k - amulet of the gourmand
Regen    0.0/turn               E - ring of see invisible
MPRegen  0.2/turn               y - ring of protection from magic

@: petrified, heroism
A: retaliatory headbutt, hooves 1, horns 2, slimy green scales 2, clarity, sense
surroundings 1, poison resistance, robust 1, inhibited regeneration, strong 1
a: Heroism, Finesse, Renounce Religion


You were on level 4 of the Spider Nest.
You worshipped Okawaru.
Okawaru was exalted by your worship.
You were not hungry.

You visited 5 branches of the dungeon, and saw 28 of its levels.

You collected 2834 gold pieces.
You spent 1789 gold pieces at shops.

Inventory:

Hand Weapons
 a - a +5 broad axe of flaming (weapon)
 R - a +0 vampiric battleaxe
 T - a +0 broad axe of electrocution
Armour
 c - a scarf of cloud immunity (worn)
 i - a +1 plate armour of magic resistance
 p - the +1 pair of gloves of Twilight (worn) {rPois Regen+ Str+4}
   (Okawaru gifted it to you on level 3 of the Spider Nest)

   It affects your strength (+4).
   It protects you from poison.
   It increases your rate of regeneration.
 q - a +1 shield of protection
 O - a +1 plate armour of poison resistance (worn)
 Y - a +1 shield of cold resistance (worn)
 Z - a +2 pair of boots (worn)
Jewellery
 k - an amulet of the gourmand (around neck)
 o - an uncursed ring of protection from fire
 y - a ring of protection from magic (right hand)
 B - an uncursed ring of positive energy
 E - a ring of see invisible (left hand)
 G - an uncursed ring of resist corrosion
Wands
 b - a wand of scattershot (5/9)
 d - a wand of lightning (11/15)
 h - a wand of confusion (28/48)
 t - a wand of lightning (4/15)
 D - a wand of iceblast (9/15)
 M - a wand of disintegration (8/24)
 N - a wand of polymorph (11/24)
Scrolls
 e - 2 scrolls of amnesia
 g - 5 scrolls of fog
 j - 13 scrolls of remove curse
 l - 3 scrolls of identify
 n - 6 scrolls of fear
 v - 4 scrolls of blinking
 w - 7 scrolls of teleportation
 P - a scroll of enchant armour
 S - 2 scrolls of recharging
 V - 2 scrolls of magic mapping
Potions
 m - 8 potions of curing
 s - a potion of resistance
 u - 2 potions of berserk rage
 x - 3 potions of might
 z - 6 potions of lignification
 A - a potion of ambrosia
 C - 2 potions of heal wounds
 H - 6 potions of brilliance
 J - 4 potions of flight
 Q - 2 potions of magic
 U - a potion of invisibility
 X - a potion of cancellation
Books
 K - a book of Conjurations

   Spells                             Type                      Level
   a - Magic Dart                     Conjuration                  1
   b - Searing Ray                    Conjuration                  2
   c - Dazzling Spray                 Conjuration/Hexes            3
   d - Fulminant Prism                Conjuration/Hexes            4
   e - Force Lance                    Conjuration/Translocation    4
   f - Iskenderun's Mystic Blast      Conjuration                  4
Comestibles
 f - 16 bread rations
 r - 22 royal jellies
 W - 4 fruits


   Skills:
 * Level 19.5(24.5) Fighting
 * Level 16.1(21.1) Axes
 + Level 14.3(19.3) Armour
 + Level 4.1(9.1) Dodging
 + Level 14.3(19.3) Shields
 + Level 9.8 Invocations
 - Level 8.0 Evocations


You had 15 spell levels left.
You didn't know any spells.

Dungeon Overview and Level Annotations

Branches:
Dungeon (15/15)            Temple (1/1) D:7            Lair (6/6) D:9
  Swamp (0/4) Lair:4       Spider (4/4) Lair:2        Slime (0/5) Lair:5
    Orc (2/2) D:12            Elf (0/3) Orc:2        Vaults (0/5) D:14
 Depths (0/5) D:15

Altars:
Ashenzari
Cheibriados
Dithmenos
Elyvilon
Fedhas
Gozag
Hepliaklqana
Kikubaaqudgha
Makhleb
Nemelex Xobeh
Okawaru
Qazlal
Ru
Sif Muna
Trog
Uskayaw
Vehumet
Xom
Yredelemnul
Zin
The Shining One
Beogh

Shops:
D:6 =   D:8 **}   Orc:2 *!(!*

Annotations:
Spider:4 Jorgrun


Innate Abilities, Weirdness & Mutations

You reflexively headbutt those who attack you in melee.
You have a pair of horns on your head.
You have large cloven feet.
You are mostly covered in slimy green scales. (AC +3)
You possess an exceptional clarity of mind.
You passively map a small area around you.
Your system is resistant to poisons. (rPois)
You are robust. (+10% HP)
You do not regenerate when monsters are visible.
Your muscles are strong. (Str +2)


Message History

Jorgrun gestures wildly while chanting.
The dungeon rumbles around Jorgrun!
You shudder from the earth-shattering force.
Ka-crash!
Jorgrun points at you and mumbles some strange words.
You shatter!
You hear an angry hiss. x8; You hear an angry buzzing noise. x2
You hear an angry hiss.
You hear an angry buzzing noise. x4
You hear an angry hiss. x2
You have turned to stone.
Jorgrun mutters some incantations to himself.
Jorgrun mumbles some strange words.
The dungeon rumbles around Jorgrun!
You shudder from the earth-shattering force.
* * * LOW HITPOINT WARNING * * *
Ka-crash!
You hear an angry hiss.
You hear an angry buzzing noise.
Jorgrun casts a spell.
The dungeon rumbles around Jorgrun!
You shudder from the earth-shattering force.
You die...

###......###
##########..........####
#........#..............
.........#..............
,
.........#..............
....................#...
,
........................
,
...........(.......)...%
, ,
####............@......#
,,#######...#./........
, ,, ....##.^.g...... ,
, .............#.. , ,
................ ,
............#.. ,,
.....#..)...#.s , , ,
............. , , , ,


You could see Jorgrun and a wolf spider.

Vanquished Creatures
  Agnes (D:15)
  Frances (D:13)
  The ghost of Gorglomux the Slicer, an adept VSFi of Uskayaw (Orc:2)
  A ghost moth (Spider:1)
  An orc warlord (Orc:2)
  The ghost of FakerFangirl the Basher, a journeyman DrFi of Cheibriados (Orc:2)
  2 entropy weavers (Spider:3)
  An ettin (D:15)
  Erolcha (Orc:2)
  2 vault guards (D:14)
  12 hydras
  3 centaur warriors
  Erica (D:9)
  5 two-headed ogres
  Urug (D:15)
  2 orc high priests
  3 tengu warriors
  The ghost of melvinkitnick the Carver, a novice MiFi of Makhleb (D:9)
  A hell knight (D:15)
  5 wizards
  3 deep elf magi (D:15)
  An orc knight (Orc:2)
  2 oklob plants (Lair:3)
  23 wolf spiders
  14 orb spiders
  5 orc sorcerers
  A cyclops (Orc:1)
  9 ugly things
  3 manticores
  A salamander (shapeshifter) (D:13)
  2 moths of wrath
  5 black mambas
  5 torpor snails
  Maurice (D:9)
  Psyche (D:9)
  An elephant (D:9)
  2 centaur zombies
  Joseph (D:9)
  3 gargoyles
  2 centaur skeletons
  9 spiny frogs
  A kobold demonologist (D:13)
  An efreet (D:15)
  3 yaktaurs (D:15)
  A rime drake (Lair:2)
  10 komodo dragons
  10 demonic crawlers
  3 tengu conjurers (D:15)
  6 hornets
  32 jumping spiders
  A queen bee (shapeshifter) (D:13)
  3 trolls
  2 polar bears (Lair:6)
  Grinder (D:3)
  A harpy skeleton (D:15)
  Prince Ribbit (D:6)
  6 slime creatures
  9 dream sheep (Lair:6)
  13 hippogriffs
  25 blink frogs
  13 spriggans (Lair:6)
  2 shadows
  49 redbacks
  19 tarantellas
  Sigmund (D:6)
  2 vampires
  6 wyverns
  63 yaks
  3 wraiths
  8 basilisks
  A fire elemental (Lair:5)
  A steam dragon (D:11)
  18 humans (D:14)
  5 vampire mosquitoes
  3 wargs (Orc:2)
  3 acid dragons
  5 swamp worms (Lair:4)
  Duvessa (D:6)
  9 porcupines
  13 water moccasins
  5 phantoms
  3 eyes of draining
  32 orc warriors
  2 sky beasts
  6 black bears
  The ghost of Hailrake the Poker, an amateur MfBe of Trog (D:3)
  12 ogres
  4 boggarts (Lair:6)
  3 necrophages
  23 wolves
  14 centaurs
  9 crocodiles
  Blork the orc (D:4)
  3 big kobolds (D:13)
  18 bullfrogs
  2 water moccasin zombies
  Dowan (D:6)
  8 scorpions
  10 wights
  8 killer bees
  A troll zombie (D:15)
  2 electric eels (Lair:4)
  A vampire bat (Lair:6)
  5 howler monkeys
  5 crimson imps
  A quasit (D:11)
  12 jellies
  A wyvern simulacrum (D:14)
  2 bullfrog skeletons
  A bullfrog zombie (D:11)
  37 orc priests
  4 hounds
  3 human zombies (D:15)
  30 orc wizards
  6 iguanas
  Terence (D:3)
  3 worker ants
  A hound zombie (D:5)
  3 hound skeletons
  3 mummies (D:15)
  Robin (D:3)
  3 worker ant zombies
  7 gnolls
  A howler monkey skeleton (D:4)
  12 adders
  4 shadow imps
  5 oozes (D:8)
  An adder zombie (D:5)
  2 adder skeletons
  5 worms
  A dart slug (D:2)
  2 leopard geckos
  77 orcs
  16 bats
  6 giant cockroaches
  17 goblins
  7 hobgoblins
  5 jackals
  11 kobolds
  7 quokkas
  A ball python (D:4)
  A jackal skeleton (D:8)
  A leopard gecko skeleton (D:5)
  A quokka skeleton (D:6)
  5 rats
  4 plants
984 creatures vanquished.

Vanquished Creatures (others)
  A wolf spider (Spider:2)
  A redback (Spider:2)
  An orc priest (Orc:2)
  An iguana (D:11)
  15 fungi
  5 plants
24 creatures vanquished.

Grand Total: 1008 creatures vanquished

Notes
Turn   | Place    | Note
-------+----------+-------------------------------------------
     0 | D:1      | MTVSty1e the Minotaur Fighter began the quest for the Orb.
     0 | D:1      | Reached XP level 1. HP: 19/19 MP: 0/0
   183 | D:1      | Reached skill level 4 in Fighting
   215 | D:1      | Reached XP level 2. HP: 27/27 MP: 1/1
  1080 | D:2      | Reached XP level 3. HP: 24/33 MP: 2/2
  1547 | D:3      | Noticed Terence
  1555 | D:3      | Killed Terence
  1555 | D:3      | Reached XP level 4. HP: 41/41 MP: 3/3
  1675 | D:3      | Noticed Hailrake's ghost (amateur MfBe)
  1687 | D:3      | Killed Hailrake's ghost
  1687 | D:3      | Reached skill level 5 in Fighting
  1687 | D:3      | Reached XP level 5. HP: 48/48 MP: 4/4
  1711 | D:3      | Noticed Grinder
  1715 | D:3      | Paralysed by Grinder for 4 turns
  1723 | D:3      | Killed Grinder
  1723 | D:3      | Reached skill level 6 in Fighting
  1723 | D:3      | Reached skill level 5 in Armour
  1723 | D:3      | Reached skill level 5 in Shields
  1723 | D:3      | Reached XP level 6. HP: 56/57 MP: 5/5
  1942 | D:3      | Noticed Robin
  1955 | D:3      | Killed Robin
  2356 | D:4      | Reached XP level 7. HP: 42/64 MP: 6/6
  2672 | D:4      | Reached skill level 7 in Fighting
  2773 | D:4      | Reached skill level 5 in Axes
  2840 | D:4      | Noticed Blork the orc
  2847 | D:4      | Killed Blork the orc
  2911 | D:5      | Entered Level 5 of the Dungeon
  3325 | D:5      | Reached skill level 8 in Fighting
  3325 | D:5      | Reached XP level 8. HP: 35/74 MP: 7/7
  4277 | D:6      | Noticed Dowan
  4295 | D:6      | Killed Dowan
  4296 | D:6      | Noticed Duvessa
  4305 | D:6      | Killed Duvessa
  4305 | D:6      | Reached skill level 9 in Fighting
  4451 | D:6      | Found Heez Buhu's Jewellery Shop.
  4488 | D:6      | Noticed Prince Ribbit
  4499 | D:6      | Killed Prince Ribbit
  4818 | D:6      | Noticed Sigmund
  4823 | D:6      | Killed Sigmund
  4892 | D:7      | Reached XP level 9. HP: 74/85 MP: 8/8
  5124 | D:7      | Found a staircase to the Ecumenical Temple.
  5134 | Temple   | Entered the Ecumenical Temple
  5239 | Temple   | Became a worshipper of Warmaster Okawaru
  5466 | D:7      | Reached skill level 10 in Fighting
  6622 | D:8      | Found Hiedosen's Assorted Antiques.
  6627 | D:8      | Bought a pair of shimmering gloves for 266 gold pieces
  6637 | D:8      | Identified the +0 pair of gloves of the Iron Devil {rPois rC- MR+ Int+4} (You bought it in a shop on level 8 of the Dungeon)
  6660 | D:8      | Found Zuig's Assorted Antiques.
  6675 | D:8      | Identified the Guide on Cloudy Attacks
  6774 | D:8      | Found Usisedac's Gadget Emporium.
  7079 | D:7      | Reached skill level 11 in Fighting
  7244 | D:8      | Reached * piety under Okawaru
  7656 | D:9      | Noticed Psyche
  7680 | D:9      | Killed Psyche
  7682 | D:9      | Reached XP level 10. HP: 58/96 MP: 9/9
  7838 | D:9      | Reached ** piety under Okawaru
  7839 | D:9      | Noticed melvinkitnick's ghost (novice MiFi)
  7862 | D:9      | Killed melvinkitnick's ghost
  8050 | D:9      | Reached skill level 12 in Fighting
  8180 | D:9      | Found a staircase to the Lair.
  8191 | D:9      | Noticed an elephant
  8200 | D:9      | Killed an elephant
  8206 | D:9      | Noticed Joseph
  8217 | D:9      | Killed Joseph
  8306 | D:9      | Reached *** piety under Okawaru
  8717 | D:9      | Found a hide-covered altar of Uskayaw.
  8944 | D:9      | Noticed Maurice
  8953 | D:9      | Killed Maurice
  8959 | D:9      | Noticed Erica
  8965 | D:9      | Killed Erica
  8965 | D:9      | Reached skill level 13 in Fighting
  8965 | D:9      | Reached XP level 11. HP: 101/107 MP: 10/10
  9219 | D:10     | Entered Level 10 of the Dungeon
  9428 | D:10     | Noticed a two-headed ogre
  9434 | D:10     | Killed a two-headed ogre
  9434 | D:10     | Reached **** piety under Okawaru
  9680 | D:10     | Noticed a two-headed ogre
  9687 | D:10     | Killed a two-headed ogre
  9687 | D:10     | Reached skill level 10 in Armour
  9883 | D:10     | Reached skill level 10 in Shields
  9897 | D:10     | Noticed a centaur warrior
  9907 | D:10     | Killed a centaur warrior
  9907 | D:10     | Reached skill level 1 in Invocations
  9907 | D:10     | Reached skill level 1 in Evocations
 10361 | Lair:1   | Entered Level 1 of the Lair of Beasts
 10410 | Lair:1   | Noticed a four-headed hydra
 10413 | Lair:1   | Noticed a four-headed hydra
 10418 | Lair:1   | Killed a three-headed hydra
 10424 | Lair:1   | Killed a one-headed hydra
 10548 | Lair:1   | Reached skill level 10 in Axes
 10583 | Lair:1   | Noticed a five-headed hydra
 10585 | Lair:1   | Reached skill level 14 in Fighting
 10598 | Lair:1   | Killed a one-headed hydra
 10598 | Lair:1   | Reached ***** piety under Okawaru
 11425 | Lair:2   | Reached XP level 12. HP: 93/118 MP: 13/13
 11827 | Lair:2   | Gained mutation: Your flesh is heat resistant. (rF+) [potion of mutation]
 11827 | Lair:2   | Gained mutation: You are partially covered in thin metallic scales. (AC +2) [potion of mutation]
 11827 | Lair:2   | Gained mutation: Your muscles are strong. (Str +2) [potion of mutation]
 11930 | Lair:2   | Received a gift from Okawaru
 11967 | Lair:2   | Lost mutation: Your muscles are strong. (Str +2) [potion of mutation]
 11967 | Lair:2   | Lost mutation: You are partially covered in thin metallic scales. (AC +2) [potion of mutation]
 11967 | Lair:2   | Gained mutation: You occasionally shout uncontrollably at your foes. [potion of mutation]
 11967 | Lair:2   | Gained mutation: You tend to lose your temper in combat. [potion of mutation]
 11967 | Lair:2   | Gained mutation: Your magical capacity is low. (-10% MP) [potion of mutation]
 11967 | Lair:2   | Gained mutation: You have a pair of large horns on your head. [potion of mutation]
 12436 | Lair:2   | Reached skill level 15 in Fighting
 12442 | Lair:2   | Found a hole to the Spider Nest.
 13673 | Lair:3   | You fall through a shaft!
 14387 | Lair:3   | Reached skill level 5 in Invocations
 14569 | Lair:3   | Reached ****** piety under Okawaru
 14638 | Lair:3   | Received a gift from Okawaru
 14650 | Lair:3   | Identified the Incunabulum of Twisted Sinister Magic
 14852 | Lair:4   | Identified a scroll of acquirement
 14875 | Lair:4   | Noticed a five-headed hydra
 14882 | Lair:4   | Killed a two-headed hydra
 14882 | Lair:4   | Reached XP level 13. HP: 112/127 MP: 11/14
 15319 | Lair:4   | Reached skill level 5 in Evocations
 15448 | Lair:4   | Found a staircase to the Swamp.
 15871 | Lair:5   | Found a staircase to the Slime Pits.
 16749 | Lair:6   | Entered Level 6 of the Lair of Beasts
 16776 | Lair:6   | Reached skill level 16 in Fighting
 16787 | Lair:6   | Received a gift from Okawaru
 17240 | Lair:6   | Received a gift from Okawaru
 17996 | Lair:6   | Received a gift from Okawaru
 17997 | Lair:6   | Got a translucent cloak {god gift}
 18008 | Lair:6   | Identified the +1 cloak of the Evening Star {MP+9 Str+3 Dex+4 Slay-4} (Okawaru gifted it to you on level 6 of the Lair of Beasts)
 18130 | Lair:6   | Reached XP level 14. HP: 57/138 MP: 9/16
 19206 | D:8      | Bought a glowing plate armour for 728 gold pieces
 20892 | D:12     | Reached skill level 17 in Fighting
 20929 | D:12     | Found a staircase to the Orcish Mines.
 20953 | D:12     | Found a roughly hewn altar of Beogh.
 21129 | D:13     | Noticed Frances
 21144 | D:13     | Killed Frances
 21387 | D:13     | Received a gift from Okawaru
 21616 | D:13     | Found an iron altar of Okawaru.
 21635 | D:13     | Gained mutation: Your flesh is very heat resistant. (rF++) [mutagenic meat]
 21636 | D:13     | Lost mutation: You have a pair of large horns on your head. [mutagenic meat]
 21637 | D:13     | Gained mutation: You are agile. (Dex +2) [mutagenic meat]
 22417 | D:14     | Received a gift from Okawaru
 22492 | D:14     | Found a gate to the Vaults.
 22769 | D:14     | Gained mutation: Your spells are a little harder to cast, but a little more powerful. [mutagenic meat]
 22858 | D:14     | Reached XP level 15. HP: 146/146 MP: 18/18
 22991 | D:15     | Entered Level 15 of the Dungeon
 23047 | D:15     | Noticed Agnes
 23064 | D:15     | Killed Agnes
 23085 | D:15     | Noticed Urug
 23101 | D:15     | Killed Urug
 23743 | D:15     | Received a gift from Okawaru
 23743 | D:15     | Reached skill level 18 in Fighting
 23774 | D:15     | Lost mutation: You tend to lose your temper in combat. [potion of mutation]
 23774 | D:15     | Lost mutation: You occasionally shout uncontrollably at your foes. [potion of mutation]
 23774 | D:15     | Lost mutation: Your magical capacity is low. (-10% MP) [potion of mutation]
 23774 | D:15     | Lost mutation: You are agile. (Dex +2) [potion of mutation]
 23774 | D:15     | Gained mutation: You are partially covered in slimy green scales. (AC +2) [potion of mutation]
 23774 | D:15     | Gained mutation: You are agile. (Dex +2) [potion of mutation]
 23774 | D:15     | Gained mutation: Your mind is acute. (Int +2) [potion of mutation]
 23945 | D:15     | Lost mutation: Your flesh is very heat resistant. (rF++) [mutagenic meat]
 23946 | D:15     | Lost mutation: Your flesh is heat resistant. (rF+) [mutagenic meat]
 24020 | D:15     | Found a basalt altar of Yredelemnul.
 24404 | D:15     | Gained mutation: Your magical capacity is low. (-10% MP) [mutagenic meat]
 24405 | D:15     | Lost mutation: Your mind is acute. (Int +2) [mutagenic meat]
 24700 | D:15     | Found a staircase to the Depths.
 25016 | Orc:1    | Entered Level 1 of the Orcish Mines
 25127 | Orc:2    | Entered Level 2 of the Orcish Mines
 25134 | Orc:2    | Noticed an orc warlord
 25153 | Orc:2    | Killed an orc warlord
 25201 | Orc:2    | Found a staircase to the Elven Halls.
 25259 | Orc:2    | Noticed Gorglomux's ghost (adept VSFi)
 25280 | Orc:2    | Killed Gorglomux's ghost
 25280 | Orc:2    | Received a gift from Okawaru
 25311 | Orc:2    | Noticed Erolcha
 25317 | Orc:2    | Killed Erolcha
 25333 | Orc:2    | Noticed FakerFangirl's ghost (journeyman DrFi)
 25362 | Orc:2    | Killed FakerFangirl's ghost
 25443 | Orc:2    | Found Kehyghy's Distillery.
 25443 | Orc:2    | Found Cuga's Distillery.
 25456 | Orc:2    | Found Weerrucw's Weapon Emporium.
 26334 | Orc:2    | Found Bonnaigu's General Store.
 26380 | Orc:2    | Found a roughly hewn altar of Beogh.
 26535 | Orc:2    | Found Voetavvixt's Assorted Antiques.
 27262 | Orc:2    | Bought a potion of might for 52 gold pieces
 27262 | Orc:2    | Bought a potion of heal wounds for 65 gold pieces
 27263 | Orc:2    | Bought a potion of mutation for 120 gold pieces
 27263 | Orc:2    | Bought a potion of might for 60 gold pieces
 27263 | Orc:2    | Bought a potion of mutation for 120 gold pieces
 27265 | Orc:2    | Bought a potion of heal wounds for 90 gold pieces
 27265 | Orc:2    | Bought a potion of mutation for 144 gold pieces
 27265 | Orc:2    | Bought a potion of mutation for 144 gold pieces
 27265 | Orc:2    | Lost mutation: You are partially covered in slimy green scales. (AC +2) [potion of mutation]
 27265 | Orc:2    | Lost mutation: Your spells are a little harder to cast, but a little more powerful. [potion of mutation]
 27265 | Orc:2    | Lost mutation: Your magical capacity is low. (-10% MP) [potion of mutation]
 27265 | Orc:2    | Lost mutation: You are agile. (Dex +2) [potion of mutation]
 27265 | Orc:2    | Gained mutation: You are resistant to hostile enchantments. (MR+) [potion of mutation]
 27265 | Orc:2    | Gained mutation: You are somewhat resistant to further mutation. [potion of mutation]
 27266 | Orc:2    | Lost mutation: You are somewhat resistant to further mutation. [potion of mutation]
 27266 | Orc:2    | Lost mutation: You are resistant to hostile enchantments. (MR+) [potion of mutation]
 27266 | Orc:2    | Gained mutation: You are robust. (+10% HP) [potion of mutation]
 27266 | Orc:2    | Gained mutation: You are partially covered in slimy green scales. (AC +2) [potion of mutation]
 27266 | Orc:2    | Gained mutation: You are somewhat resistant to further mutation. [potion of mutation]
 27267 | Orc:2    | Lost mutation: You are robust. (+10% HP) [potion of mutation]
 27267 | Orc:2    | Lost mutation: You are somewhat resistant to further mutation. [potion of mutation]
 27267 | Orc:2    | Gained mutation: You have large cloven feet. [potion of mutation]
 27267 | Orc:2    | Gained mutation: Your body sometimes deteriorates upon taking damage. [potion of mutation]
 27267 | Orc:2    | Gained mutation: You have a somewhat thin skeletal structure. (Dex +2, Stealth) [potion of mutation]
 27268 | Orc:2    | Lost mutation: You have a somewhat thin skeletal structure. (Dex +2, Stealth) [potion of mutation]
 27268 | Orc:2    | Lost mutation: Your body sometimes deteriorates upon taking damage. [potion of mutation]
 27268 | Orc:2    | Gained mutation: You do not regenerate when monsters are visible. [potion of mutation]
 27268 | Orc:2    | Gained mutation: You are mostly covered in slimy green scales. (AC +3) [potion of mutation]
 27268 | Orc:2    | Gained mutation: You are robust. (+10% HP) [potion of mutation]
 27268 | Orc:2    | Gained mutation: Your system is resistant to poisons. (rPois) [potion of mutation]
 27757 | Spider:1 | Entered Level 1 of the Spider Nest
 27800 | Spider:1 | Reached skill level 1 in Dodging
 28022 | Spider:1 | Reached XP level 16. HP: 150/174 MP: 21/21
 28025 | Spider:1 | Reached skill level 15 in Axes
 28066 | Spider:1 | Received a gift from Okawaru
 28119 | Spider:1 | Gained mutation: You possess an exceptional clarity of mind. [mutagenic meat]
 28121 | Spider:1 | Gained mutation: Your muscles are strong. (Str +2) [mutagenic meat]
 28123 | Spider:1 | Gained mutation: You passively map a small area around you. [mutagenic meat]
 28888 | Spider:1 | Reached skill level 19 in Fighting
 30112 | Spider:3 | Received a gift from Okawaru
 30121 | Spider:3 | Got a crystal war axe {god gift}
 30126 | Spider:3 | Identified the +5 war axe of Conscience {venom, Str+3} (Okawaru gifted it to you on level 3 of the Spider Nest)
 30411 | Spider:3 | Identified the cursed +0 war axe "Vydwouc" {pain, Str+2} (You found it on level 3 of the Spider Nest)
 30861 | Spider:3 | Received a gift from Okawaru
 30864 | Spider:3 | Got a pair of steaming gloves {god gift}
 30875 | Spider:3 | Identified the +1 pair of gloves of Twilight {rPois Regen+ Str+4} (Okawaru gifted it to you on level 3 of the Spider Nest)
 31001 | Spider:4 | Entered Level 4 of the Spider Nest
 31057 | Spider:4 | Noticed Jorgrun
 31063 | Spider:4 | Killed from afar by Jorgrun

Skill      XL: |  1  2  3  4  5  6  7  8  9 10 11 12 13 14 15 16 |
---------------+-------------------------------------------------+-----
Fighting       | 4 5 6 8 9 11 13 14 15 16 17 18 19 | 19.5
Armour         | 4 5 6 7 8 9 10 11 12 13 14 | 14.3
Axes           | 3 4 5 6 8 9 10 11 12 13 14 16 | 16.1
Shields        | 4 5 6 7 8 9 10 11 12 13 14 | 14.3
Invocations    | 3 5 7 8 9 |  9.8
Evocations     | 3 4 6 7 8 |  8.0
Dodging        | 1 4 |  4.1

Action                   |  1- 3 |  4- 6 |  7- 9 | 10-12 | 13-15 | 16-18 || total
-------------------------+-------+-------+-------+-------+-------+-------++-------
Melee: War axe           |    53 |    67 |   323 |   461 |   869 |       ||  1773
       Headbutt          |    10 |     7 |    74 |   119 |   306 |    97 ||   613
       Scimitar          |       |       |       |    19 |    45 |       ||    64
       Broad axe         |       |       |       |       |   426 |   361 ||   787
       Spear             |       |       |       |       |    44 |       ||    44
Invok: Heroism           |       |       |       |     3 |    10 |     5 ||    18
       Finesse           |       |       |       |       |     6 |     4 ||    10
Evoke: Wand              |       |       |       |    19 |     4 |       ||    23
  Use: Potion            |       |     2 |     1 |     7 |    15 |     2 ||    27
       Scroll            |       |       |    14 |    11 |    17 |     4 ||    46
 Stab: Distracted        |       |       |     1 |       |       |       ||     1
  Eat: Meat ration       |     1 |       |     4 |     2 |     4 |     2 ||    13
       Fruit             |       |       |       |    10 |     9 |     2 ||    21
       Bread ration      |       |       |       |     1 |       |       ||     1
       Chunk             |       |       |       |       |    22 |     6 ||    28
       Royal jelly       |       |       |       |       |     1 |       ||     1
Armor: Scale mail        |    25 |    47 |   119 |    38 |       |       ||   229
       Plate armour      |       |       |       |   162 |   575 |   182 ||   919
Dodge: Dodged            |    18 |    30 |    88 |   125 |   290 |   107 ||   658
Block: Shield            |    32 |    48 |   191 |   332 |   918 |   297 ||  1818
       Rpst.: Scimitar   |       |       |       |     1 |     3 |       ||     4
